 Dungeon Crawl Stone Soup version 0.30-a0-738-g116ff8c4af (webtiles) character file.

Game seed: 17230197976752635621

1 mopl the Caller (level 1, 0/13 HPs)
             Began as a Merfolk Summoner on Feb 3, 2023.
             Slain by a bat (1 damage)
             ... on level 1 of the Dungeon.
             The game lasted 00:00:44 (123 turns).

mopl the Caller (Merfolk Summoner)                   Turns: 123, Time: 00:00:44

Health: 0/13       AC:  2    Str:  8    XL:     1   Next: 20%
Magic:  0/3        EV: 12    Int: 14    God:
Gold:   11         SH:  0    Dex: 14    Spells: 3/4 levels left

rFire   . . .      SeeInvis .    (no weapon)
rCold   . . .      Faith    .    (no shield)
rNeg    . . .      Spirit   .    a - +0 robe
rPois   .          Reflect  .    (no helmet)
rElec   .          Harm     .    (no cloak)
rCorr   .          Rampage  .    (no gloves)
Will    .....                    (no boots)
Stlth   ++                       (no amulet)
HPRegen 0.22/turn                (no ring)
MPRegen 0.08/turn                (no ring)

@: no status effects
A: (nimble swimmer 2), mertail
a: no special abilities


You were on level 1 of the Dungeon.
You visited 1 branch of the dungeon, and saw 1 of its levels.

You collected 11 gold pieces.

Inventory:

Armour
 a - a +0 robe (worn)
Scrolls
 c - a scroll of enchant weapon {unknown}
 d - a scroll of teleportation {unknown}
Potions
 b - a potion of magic


   Skills:
 - Level 2.6 Dodging
 - Level 2.1 Stealth
 + Level 2.0 Spellcasting
 + Level 4.0 Summonings


You had 3 spell levels left.
You knew the following spells:

 Your Spells              Type           Power      Damage    Failure   Level
a - Summon Small Mammal   Summ           48%        N/A       4%          1

Your spell library contained the following spells:

 Spells                   Type           Power      Damage    Failure   Level
 Call Imp                 Summ           12%        N/A       7%          2
 Call Canine Familiar     Summ           12%        N/A       14%         3
 Summon Guardian Golem    Hex/Summ       7%         N/A       30%         3
 Summon Lightning Spire   Summ/Air       7%         N/A       71%         4


Dungeon Overview and Level Annotations

Branches:
Dungeon (1/15)

Altars:


Innate Abilities, Weirdness & Mutations

((You are very nimble when in or above water. (Stealth+, EV+, Speed+++)))
Your lower body shifts to a powerful aquatic tail in water.


Message History

The jackal bites you but does no damage.
Your bat closely misses the ball python.
The bat hits you but does no damage. The jackal closely misses you.
The bat hits you but does no damage.
The bat hits the fungus.
The ball python closely misses you. The ball python constricts you.
The bat hits the fungus.
The jackal bites you.
* * * LOW HITPOINT WARNING * * *
The jackal bites you but does no damage.
The bat hits your bat.
You closely miss the ball python. The bat closely misses you.
Your bat hits the ball python.
The bat hits the fungus.
The bat closely misses you.
The ball python bites you but does no damage.
The ball python constricts you. The bat closely misses you.
Your bat hits the quokka but does no damage.
The bat hits the fungus. x2; The jackal barely misses you.
The jackal bites you.
* * * LOW HITPOINT WARNING * * *
The quokka twitches its whiskers.
The quokka misses your bat.
The bat hits the fungus.
The bat closely misses your bat. The ball python closely misses you.
The ball python constricts you.
Your bat barely misses the bat.
You hit the ball python but do no damage.
The ball python is moderately wounded.
A nearby fungus withers and dies.
The bat hits you but does no damage.
The bat hits the fungus.
Your bat barely misses the ball python.
The bat completely misses you.
The bat hits the fungus.
Your bat misses the quokka. The bat closely misses you. The jackal bites you.
* * * LOW HITPOINT WARNING * * *
The jackal bites you but does no damage.
The quokka closely misses your bat. The ball python closely misses you.
The ball python constricts you. The bat barely misses you.
The bat hits the fungus.
You hit the ball python.
The ball python is severely wounded.
A nearby fungus withers and dies.
The bat hits you but does no damage. x2
The jackal completely misses you. x2; Your bat hits the ball python.
The ball python dies!
The quokka twitches its whiskers.
The jackal misses you. x2; The bat hits you.
You die...

#.. #.# ..# #...... #.#
.##..PPP..
#####.#######......PP...
....g........[#..PP.....
#####...............8..P
#..##.######b.P....P
#.........gbhb.PP.P.
##.##.#####h@rb..... .
....#.# ####...... #
###.##.. ..... ...###
##.# #


You could see a gnoll, a quokka, 2 jackals, 3 bats and a friendly bat
(summoned).

Vanquished Creatures (collateral kills)
  A jackal (D:1)
  A ball python (D:1)
2 creatures vanquished.

Vanquished Creatures (others)
  2 fungi (D:1)
2 creatures vanquished.

Grand Total: 4 creatures vanquished

Notes
Turn   | Place    | Note
-------+----------+-------------------------------------------
     0 | D:1      | mopl the Merfolk Summoner began the quest for the Orb.
     0 | D:1      | Reached XP level 1. HP: 13/13 MP: 3/3
   123 | D:1      | Slain by a bat

Illustrated notes

Levels and vault maps discovered:
D:1:      grunt_arrival_crossed_arrows, layout_loops_ring,
          dreamdust_mushroom_princess

Action                     || total
---------------------------++-------
  Melee: Unarmed           ||    12
   Cast: Summon Small Mamm ||     7
 Armour: Robe              ||    17
  Dodge: Dodged            ||    48

Table legend: (Time is in decaauts)
 A = Elapsed time spent in this place.
 B = Non-inter-level travel time spent in this place.
 C = Inter-level travel time spent in this place.
 D = Time resting spent in this place.
 E = Time spent auto-exploring this place.
 F = Levels seen in this place.
 G = Mean time per level.
                   A        B        C        D        E       F      G
               +--------+--------+--------+--------+--------+-----+--------+
         Total |    123 |    123 |      0 |      0 |     54 |   1 |  123.0 |
       Dungeon |    123 |    123 |      0 |      0 |     54 |   1 |  123.0 |
               +--------+--------+--------+--------+--------+-----+--------+

Top non-repeatable levels by time:
     D:1: 123 daAuts
